 Dungeon Crawl Stone Soup version 0.26-a0-1132-ge9770dfcb6 (webtiles) character file.

Game seed: 17058433289652723334

6 jasper the Vexing (level 1, 0/14 HPs)
             Began as a Demonspawn Enchanter on Dec 20, 2020.
             Slain by a jackal (1 damage)
             ... on level 1 of the Dungeon.
             The game lasted 00:00:47 (519 turns).

jasper the Vexing (Demonspawn Enchanter)             Turns: 519, Time: 00:00:47

Health: 0/14       AC:  2    Str:  8    XL:     1   Next: 75%
Magic:  2/3        EV: 12    Int: 16    God:
Gold:   0          SH:  0    Dex: 13    Spells: 3/4 levels left

rFire    . . .     SeeInvis .   a - +1 dagger
rCold    . . .     Faith    .   (no shield)
rNeg     . . .     Spirit   .   b - +0 robe
rPois    .         Reflect  .   (no helmet)
rElec    .         Harm     .   (no cloak)
rCorr    .         Rampage  .   (no gloves)
Will     .....                  (no boots)
Stlth    ++........             (no amulet)
HPRegen  0.04/turn              (no ring)
MPRegen  0.08/turn              (no ring)

@: no status effects
A: no striking features
a: no special abilities


You were on level 1 of the Dungeon.
You visited 1 branch of the dungeon, and saw 1 of its levels.

Inventory:

Hand Weapons
 a - a +1 dagger (weapon)
Armour
 b - a +0 robe (worn)
Scrolls
 d - a scroll of identify {unknown}
Potions
 c - a potion of haste {unknown}


   Skills:
 + Level 0.4 Fighting
 - Level 0.8 Short Blades
 + Level 0.3 Armour
 + Level 1.9 Dodging
 + Level 2.8 Stealth
 - Level 2.0 Spellcasting
 - Level 3.0 Hexes


You had 3 spell levels left.
You knew the following spells:

 Your Spells              Type           Power        Failure   Level
a - Corona                Hex            12%          6%          1

Your spell library contained the following spells:

 Spells                   Type           Power        Failure   Level
 Ensorcelled Hibernation  Hex/Ice        12%          17%         2
 Confusing Touch          Hex            11%          19%         3
 Tukima's Dance           Hex            11%          19%         3
 Dazzling Flash           Conj/Hex       12%          32%         3


Dungeon Overview and Level Annotations

Branches:
Dungeon (1/15)

Altars:


Message History

Aiming: Corona (safe; 6% risk of failure)
Press: ? - help, Shift-Dir - straight line, f - jackal
Aim: a jackal (chance to affect: 64%)
The jackal is outlined in light.
The jackal bites you but does no damage.
You now have 1/3 mp.
You barely miss the jackal. The jackal bites you.
* * * LOW HITPOINT WARNING * * *
You take 2 damage, and have 1/14 hp.
You barely miss the jackal. The jackal closely misses you. x2
You hit the jackal.
The jackal is moderately wounded.
The jackal barely misses you.
You hit the jackal.
The jackal is severely wounded.
The jackal misses you.
You hit the jackal but do no damage.
The jackal is severely wounded.
The jackal bites you.
You die...

#.....................#.
#.....................#. ..
#...................... ...
#.....................# #.#
#.....................+ ..#
#..................÷..###.###
#.......#######.............
##.......############.####.######
................@h.............#.
##.......############.####.###.#.
######..############.# #†# #.#.
......................# #.###.#.
##########################.......
#.........#..# #.#########...
#..# ......


You could see a jackal (corona).

Vanquished Creatures
  A dart slug (D:1)
  A hobgoblin (D:1)
  A jackal (D:1)
  A frilled lizard (D:1)
4 creatures vanquished.

Notes
Turn   | Place    | Note
-------+----------+-------------------------------------------
     0 | D:1      | jasper the Demonspawn Enchanter began the quest for the
                  | Orb.
     0 | D:1      | Reached XP level 1. HP: 13/13 MP: 3/3
   519 | D:1      | Slain by a jackal

Illustrated notes

Levels and vault maps discovered:
D:1:      dpeg_arrival_boxes_within_box, layout_basic, minmay_misc_feat_cross,
          chequers_serial_rivers_micro_a, tso_altar

Action                   || total
-------------------------++-------
Melee: Dagger            ||    29
 Cast: Corona            ||     4
 Stab: Sleeping          ||     1
Armor: Robe              ||     3
Dodge: Dodged            ||    19

Table legend: (Time is in decaauts)
 A = Elapsed time spent in this place.
 B = Non-inter-level travel time spent in this place.
 C = Inter-level travel time spent in this place.
 D = Time resting spent in this place.
 E = Time spent auto-exploring this place.
 F = Levels seen in this place.
 G = Mean time per level.
                   A        B        C        D        E       F      G
               +--------+--------+--------+--------+--------+-----+--------+
         Total |    517 |    517 |      0 |    366 |     81 |   1 |  517.0 |
       Dungeon |    517 |    517 |      0 |    366 |     81 |   1 |  517.0 |
               +--------+--------+--------+--------+--------+-----+--------+

Top non-repeatable levels by time:
     D:1: 517 daAuts
